 Dungeon Crawl Stone Soup version 0.19-a0-450-g98b348d (webtiles) character file.

39 epen the Chiller (level 3, 0/25 HPs)
             Began as a Demonspawn Ice Elementalist on June 1, 2016.
             Succumbed to an adder's poison
             ... on level 1 of the Dungeon.
             The game lasted 00:02:25 (1430 turns).

epen the Chiller (Demonspawn Ice Elementalist)      Turns: 1430, Time: 00:02:26

Health: 0/25       AC:  7    Str:  8    XL:     3   Next: 28%
Magic:  3/6        EV: 12    Int: 17    God:
Gold:   36         SH:  0    Dex: 13    Spells: 3 memorised, 0 levels left

rFire  + . .     SeeInvis .     k - +2 dagger (freeze)
rCold  . . .     Gourm    .     a - +0 robe
rNeg   . . .     Faith    .     (no shield)
rPois  .         Spirit   .     (helmet restricted)
rElec  .         Dismiss  .     (no cloak)
rCorr  .         Reflect  .     (no gloves)
SustAt .         Harm     .     (no boots)
MR     .....                    (no amulet)
Stlth  ++........               (no ring)
                                (no ring)

@: lethally poisoned (0 -> -9), icy armour, slow, not resistant to hostile
enchantments, unstealthy
A: horns 1, fire resistance 1
a: no special abilities


You were on level 1 of the Dungeon.
You were not hungry.

You visited 1 branch of the dungeon, and saw 2 of its levels.

You collected 36 gold pieces.

Inventory:

Hand Weapons
 h - a +0 dagger
 k - a +2 dagger of freezing (weapon)
Armour
 a - a +0 robe (worn)
Scrolls
 f - a scroll of enchant armour
Books
 b - a book of Frost

   Spells                             Type                      Level
   a - Freeze                         Ice                          1
   b - Throw Frost                    Conjuration/Ice              2
   c - Ozocubu's Armour               Charms/Ice                   3
   d - Throw Icicle                   Conjuration/Ice              4
   e - Summon Ice Beast               Ice/Summoning                4
Comestibles
 c - a bread ration
 d - a meat ration


   Skills:
 + Level 0.6 Fighting
 + Level 2.0 Dodging
 - Level 1.7 Stealth
 + Level 2.2 Spellcasting
 * Level 1.5 Conjurations
 * Level 3.3 Ice Magic


You couldn't memorise any spells.
You knew the following spells:

 Your Spells              Type           Power        Failure   Level  Hunger
a - Freeze                Ice            ##..         6%          1    #......
b - Throw Frost           Conj/Ice       ##....       14%         2    ###....
c - Ozocubu's Armour      Chrm/Ice       #.......     30%         3    ###....


Dungeon Overview and Level Annotations

Branches:
Dungeon (2/15)

Altars:


Innate Abilities, Weirdness & Mutations

You have a pair of small horns on your head.
Your flesh is heat resistant. (rF+)


Message History

You are protected by a layer of icy armour.
Your movement speed is slow.
Your attack speed is average.
You are not resistant to hostile enchantments.
You are unstealthy.
As you read the scroll labeled IMYIDA SEIRHI, it crumbles to dust.
It is a scroll of identify.
Identify which item? (\ to view known items) (? for menu, Esc to quit)
f - a scroll of enchant armour
* * * LOW HITPOINT WARNING * * *
You feel sick.
As you read the scroll labeled SELESI QYOROZ, it crumbles to dust.
You feel momentarily disoriented.
It was a scroll of magic mapping.
* * * LOW HITPOINT WARNING * * *
You feel sick.
There is a lethal amount of poison in your body!
There is a lethal amount of poison in your body!
There is a lethal amount of poison in your body!
There is a lethal amount of poison in your body!
There is a lethal amount of poison in your body!
You die...

####.##.###....#..#
#..#.###
.........#....###.###..#.#
....>....#.....#...##..#.#
........##......##.#.....#
........##....####.#...###
........##..#.# #.#...##
........##.##.# #.#....#
#......###.##.####.#.#..#
#......# #....>.@.......#
.......# #...##.##.#.##.#
......## #.....[...#.##.#
......# ###.........##.#
.....## #......#####.#
.....# #............#
....## #####.....#######
...## #.........# ..##
#######.###


There were no monsters in sight!

Vanquished Creatures
  An adder (D:1)
  A gnoll (D:1)
  A dart slug (D:2)
  A giant cockroach (D:1)
  A goblin (D:1)
  4 hobgoblins (D:1)
  3 kobolds (D:1)
  2 bats (D:1)
  A giant newt (D:1)
  5 rats (D:1)
20 creatures vanquished.

Notes
Turn   | Place    | Note
--------------------------------------------------------------
     0 | D:1      | epen the Demonspawn Ice Elementalist began the quest for the Orb.
     0 | D:1      | Reached XP level 1. HP: 13/13 MP: 3/3
   268 | D:1      | Reached skill level 3 in Ice Magic
   268 | D:1      | Gained mutation: You have a pair of small horns on your head. [demonic ancestry]
   268 | D:1      | Reached XP level 2. HP: 2/20 MP: 1/5
   599 | D:1      | Learned a level 2 spell: Throw Frost
  1273 | D:2      | Gained mutation: Your flesh is heat resistant. (rF+) [demonic ancestry]
  1273 | D:2      | Reached XP level 3. HP: 25/25 MP: 6/6
  1384 | D:2      | Learned a level 3 spell: Ozocubu's Armour
  1428 | D:1      | HP: 1/25 [poisoned by an adder]
  1430 | D:1      | Succumbed to an adder's poison

Vault maps used:
D:1:      dpeg_arrival_snail
D:2:      elyvilon_altar_3, led_sif_pool, minmay_splitting_lines,
          uniq_crazy_yiuf_cottage, uniq_robin

Skill      XL: |  1 |
---------------+----+-----
Dodging        | 2 |  2.0
Ice Magic      | 3 |  3.3
Fighting       | |  0.6
Stealth        | |  1.7
Spellcasting   | |  2.2
Conjurations   | |  1.5

Action                   || total
-------------------------++-------
Melee: Unarmed           ||     5
       Dagger            ||     9
       Headbutt          ||     3
 Cast: Freeze            ||    30
       Ozocubu's Armour  ||     2
  Use: Scroll            ||     2
       Potion            ||     1
 Stab: Sleeping          ||     1
  Eat: Chunk             ||     2
Armor: Robe              ||     4
Dodge: Dodged            ||    42
